 Dungeon Crawl Stone Soup version 0.26-a0-778-g3fe0686644 (webtiles) character file.

Game seed: 516097996233728736

8329 marklar909 the Grappler (level 11, -1/91 HPs)
             Began as a Grey Draconian Transmuter on Nov 9, 2020.
             Was a Priest of Makhleb.
             Slain by Snorg (7 damage)
             ... on level 12 of the Dungeon.
             The game lasted 00:23:47 (15104 turns).

marklar909 the Grappler (DrTm)                     Turns: 15104, Time: 00:23:47

Health: -1/91      AC: 17    Str: 16    XL:     11   Next: 8%
Magic:  7/20       EV: 17    Int: 13    God:    Makhleb [***...]
Gold:   687        SH:  0    Dex: 18    Spells: 12/23 levels left

rFire    . . .     SeeInvis .     - Unarmed
rCold    + . .     Faith    .   (no shield)
rNeg     . . .     Spirit   .   (armour unavailable)
rPois    .         Reflect  .   (helmet currently unavailable)
rElec    .         Harm     .   s - +1 cloak
rCorr    .         Rampage  .   m - +2 pair of gloves
MR       .....                  (boots currently unavailable)
Stlth    +++.......             (no amulet)
HPRegen  0.25/turn              p - ring of protection from cold
MPRegen  0.17/turn              z - +6 ring of dexterity

@: about to teleport, appendages (expiring), very slightly contaminated
A: walk through water, unfitting armour, horns 2, talons 2, unbreathing,
cold-blooded, AC +12
a: End Transformation, Minor Destruction, Lesser Servant of Makhleb, Renounce
Religion


You were on level 12 of the Dungeon.
You worshipped Makhleb.
Makhleb was most pleased with you.
You had grown temporary horns.
You had grown temporary talons.
You visited 1 branch of the dungeon, and saw 12 of its levels.

You collected 687 gold pieces.

Inventory:

Armour
 m - a +2 pair of gloves (worn)
 s - a +1 cloak (worn)
Jewellery
 p - a ring of protection from cold (left hand)
 t - an uncursed ring of resist corrosion
 z - a +6 ring of dexterity (right hand)
 B - a +6 ring of intelligence
 C - a cursed ring of teleportation {unknown}
Wands
 c - a wand of flame (25)
 n - a wand of polymorph (10)
 u - a wand of enslavement (5)
 v - a wand of disintegration (5)
 y - a wand of acid (5)
Scrolls
 e - 5 scrolls of teleportation
 g - 12 scrolls of remove curse
 k - 7 scrolls of fog
 l - 2 scrolls of enchant weapon
 o - a scroll of amnesia
 r - 4 scrolls of identify
 x - 2 scrolls of enchant armour
Potions
 a - a potion of lignification
 b - 2 potions of attraction
 d - a potion of haste
 f - 3 potions of cancellation
 h - 3 potions of degeneration {unknown}
 i - a potion of resistance {unknown}
 j - 2 potions of heal wounds
 q - a potion of curing
 w - a potion of brilliance {unknown}
 A - a potion of mutation {unknown}


   Skills:
 * Level 6.4 Fighting
 * Level 6.7 Dodging
 + Level 3.5 Stealth
 + Level 9.4 Unarmed Combat
 + Level 6.5 Spellcasting
 + Level 8.0 Transmutations
 + Level 2.9 Poison Magic
 + Level 1.3 Evocations


You had 12 spell levels left.
You knew the following spells:

 Your Spells              Type           Power        Failure   Level
a - Blade Hands           Tmut           ####......   16%         5
b - Wereblood             Tmut           ####....     1%          2
c - Spider Form           Tmut/Pois      ###.......   4%          3
d - Beastly Appendage     Tmut           ####..       1%          1

Your spell library contained the following spells:

 Spells                   Type           Power        Failure   Level
 Corona                   Hex            #......      16%         1
 Ensorcelled Hibernation  Hex/Ice        #.....       24%         2
 Ice Form                 Ice/Tmut       ##......     30%         4
 Confusing Touch          Hex            #.......     43%         3
 Dazzling Flash           Conj/Hex       #.....       43%         3
 Tukima's Dance           Hex            #.......     43%         3


Dungeon Overview and Level Annotations

Branches:
Dungeon (12/15)            Temple (0/1) D:7            Lair (0/6) D:9
    Orc (0/2) D:10

Altars:
Dithmenos
Gozag
Hepliaklqana
Kikubaaqudgha
Makhleb
Okawaru
Sif Muna
Uskayaw
Zin

Shops:
D:11 [

Annotations:
D:7 Harold
D:12 Snorg


Innate Abilities, Weirdness & Mutations

You can walk through water.
Your dull iron-grey scales are very hard. (AC +12)
You cannot fit into any form of body armour.
You can survive without breathing.
You are cold-blooded and may be slowed by cold attacks.
You have a pair of horns on your head.
You have razor-sharp toenails.


Message History

Snorg is heavily wounded.
Snorg bites you. Snorg claws you! Snorg barely misses you.
Snorg closely misses you. Snorg claws you!!
* * * LOW HITPOINT WARNING * * *
Snorg claws you!
* * * LOW HITPOINT WARNING * * *
Unknown command.
Okay, then.
You feel much better.
Your transformation is almost over.
Snorg barely misses you. Snorg closely misses you. Snorg barely misses you.
As you read the scroll of teleportation, it crumbles to dust.
You feel strangely unstable. Snorg bites you.
* * * LOW HITPOINT WARNING * * *
Snorg claws you.
* * * LOW HITPOINT WARNING * * *
Snorg misses you. Snorg bites you!
* * * LOW HITPOINT WARNING * * *
Snorg claws you!
You die...

.....# ............#
....>### ............#
.......# ............#
.....#.##............#
.....#..#............#
.....##..............#
.....####............#
<....# .......T....#
.....# #######@#####
###.## #...# ....##
#####'######### .....#
#.............# .....#
#....<........#
.....#####.........(...#
.....#...'.............+
.....'.###.............#
.....### #.........<...#


You could see Snorg (berserk, corroded).

Vanquished Creatures
  3 two-headed ogres
  2 ugly things
  Maurice (D:8)
  Maggie (D:7)
  A wyvern (D:11)
  A wraith (D:10)
  4 yaks (D:9)
  A steam dragon (D:9)
  Duvessa (D:7)
  2 ice beasts
  A phantom (D:9)
  A sky beast (D:8)
  2 orc warriors
  3 ogres
  A wolf (D:9)
  A centaur (D:9)
  2 big kobolds
  A wyvern zombie (D:6)
  8 bullfrogs
  Dowan (D:7)
  3 scorpions
  5 killer bees (D:8)
  10 wights
  4 howler monkeys
  3 bullfrog zombies
  9 orc priests
  2 hounds
  A centaur skeleton (D:8)
  A gnoll shaman (D:4)
  Crazy Yiuf (D:5)
  4 iguanas
  6 orc wizards
  7 worker ants
  A killer bee zombie (D:8)
  A hound skeleton (D:4)
  A worker ant zombie (D:9)
  8 adders
  3 gnolls (D:4)
  2 shadow imps
  2 white imps
  2 oozes
  2 adder skeletons
  2 worms (D:2)
  2 dart slugs
  3 leopard geckos
  32 orcs
  4 bats
  4 bat zombies (D:7)
  3 giant cockroaches
  7 goblins
  5 hobgoblins
  7 jackals
  12 kobolds
  A quokka (D:3)
  4 frilled lizards
  6 rats
  A rat zombie (D:7)
209 creatures vanquished.

Vanquished Creatures (others)
  11 plants (D:8)
11 creatures vanquished.

Grand Total: 220 creatures vanquished

Notes
Turn   | Place    | Note
-------+----------+-------------------------------------------
     0 | D:1      | marklar909 the Draconian Transmuter began the quest for the
                  | Orb.
     0 | D:1      | Reached XP level 1. HP: 16/16 MP: 3/3
   321 | D:1      | Reached XP level 2. HP: 23/23 MP: 3/5
   835 | D:2      | Reached XP level 3. HP: 6/28 MP: 4/6
  1352 | D:2      | Found an iron altar of Okawaru.
  1511 | D:2      | Noticed an ice beast
  1545 | D:3      | Learned a level 2 spell: Wereblood
  1549 | D:3      | Learned a level 3 spell: Spider Form
  1796 | D:3      | Reached skill level 4 in Unarmed Combat
  2267 | D:3      | Reached XP level 4. HP: 31/35 MP: 5/7
  3030 | D:3      | Reached skill level 1 in Stealth
  3418 | D:4      | Reached XP level 5. HP: 19/40 MP: 7/9
  3893 | D:2      | Killed an ice beast
  4671 | D:4      | Reached XP level 6. HP: 43/47 MP: 6/10
  5456 | D:4      | Reached skill level 1 in Poison Magic
  5752 | D:5      | Entered Level 5 of the Dungeon
  5756 | D:5      | Found a burning altar of Makhleb.
  5786 | D:5      | Became a worshipper of Makhleb the Destroyer
  5827 | D:5      | Reached skill level 5 in Unarmed Combat
  5831 | D:5      | Reached skill level 1 in Evocations
  5841 | D:5      | Your scales start taking on a dull iron-grey colour.
  5841 | D:5      | Reached XP level 7. HP: 50/53 MP: 9/12
  5841 | D:5      | Gained mutation: You can survive without breathing. [Grey
                  | Draconian growth]
  6046 | D:5      | Found a shadowy altar of Dithmenos.
  6492 | D:5      | Found a runed translucent door.
  6493 | D:5      | Noticed Crazy Yiuf
  6683 | D:5      | Killed Crazy Yiuf
  7358 | D:6      | Reached skill level 6 in Unarmed Combat
  7409 | D:6      | You fall into a shaft and drop 2 floors!
  7414 | D:8      | Reached XP level 8. HP: 55/62 MP: 10/14
  7426 | D:8      | Found an opulent altar of Gozag.
  7471 | D:8      | Learned a level 5 spell: Blade Hands
  7602 | D:8      | Noticed Maurice
  7626 | D:8      | Found a shimmering blue altar of Sif Muna.
  7762 | D:8      | Reached skill level 5 in Transmutations
  8701 | D:8      | Killed Maurice
  8701 | D:8      | Reached * piety under Makhleb
  8980 | D:8      | Reached XP level 9. HP: 59/70 MP: 11/16
  9067 | D:8      | Reached skill level 7 in Unarmed Combat
  9340 | D:7      | Noticed Maggie
  9354 | D:7      | Killed Maggie
  9358 | D:7      | Reached skill level 5 in Spellcasting
 10179 | D:6      | Found a glowing silver altar of Zin.
 10388 | D:7      | Reached skill level 5 in Dodging
 10634 | D:7      | Found a staircase to the Ecumenical Temple.
 10680 | D:7      | Found an ancient bone altar of Kikubaaqudgha.
 10703 | D:7      | Noticed Duvessa
 10708 | D:7      | Noticed Dowan
 10721 | D:7      | Killed Duvessa
 10723 | D:7      | Killed Dowan
 10917 | D:7      | Noticed Harold
 10969 | D:7      | Found a shimmering blue altar of Sif Muna.
 11715 | D:9      | Noticed Psyche
 12076 | D:9      | Noticed Psyche
 12076 | D:9      | Psyche changed into Psyche the wolf
 12079 | D:9      | Killed Psyche the wolf
 12091 | D:9      | Reached skill level 8 in Unarmed Combat
 12201 | D:9      | Found a staircase to the Lair.
 12307 | D:9      | Found a hazy altar of Hepliaklqana.
 12318 | D:9      | Noticed a +0 hand axe
 12319 | D:9      | Found a hide-covered altar of Uskayaw.
 12319 | D:9      | Noticed a +0 hand axe
 12357 | D:9      | Reached XP level 10. HP: 56/80 MP: 18/18
 12694 | D:10     | Entered Level 10 of the Dungeon
 12959 | D:10     | Noticed a two-headed ogre
 12976 | D:10     | Killed a two-headed ogre
 12976 | D:10     | Reached skill level 5 in Fighting
 12996 | D:10     | Reached ** piety under Makhleb
 13422 | D:10     | Found a staircase to the Orcish Mines.
 13596 | D:10     | Noticed a red ugly thing
 13602 | D:10     | Killed a red ugly thing
 13602 | D:10     | Reached skill level 9 in Unarmed Combat
 13895 | D:11     | Found Amoij's Armour Shoppe.
 13968 | D:11     | You fall into a shaft and drop 1 floor!
 14074 | D:11     | Noticed a two-headed ogre
 14083 | D:11     | Killed a two-headed ogre
 14237 | D:11     | Noticed a green ugly thing
 14245 | D:11     | Killed a purple ugly thing
 14447 | D:11     | Noticed a two-headed ogre
 14455 | D:11     | Killed a two-headed ogre
 14455 | D:11     | Reached XP level 11. HP: 72/91 MP: 14/20
 14720 | D:11     | Reached *** piety under Makhleb
 15004 | D:12     | Noticed Snorg
 15104 | D:12     | Slain by Snorg

Illustrated notes

Levels and vault maps discovered:
D:1:      dpeg_arrival_chambers_temple_mockup, layout_rooms, nrook_campfire
D:2:      layout_loops_ring, lemuel_coloured_pillars_altar,
          minmay_indecisive_spiral
D:3:      layout_loops_corners
D:4:      layout_basic
D:5:      layout_cave_pods, nicolae_overflow_crystal_walls,
          nicolae_dithmenos_the_darkroom, uniq_crazy_yiuf_cottage
D:6:      layout_loops_corners, kennysheep_mini_moat, enter_ossuary_1
D:7:      layout_basic, lemuel_zombie_altar_kikubaaqudgha,
          minmay_temple_entry_drinking_statues, dk_noncrumbling_2, led_sif_pool,
          uniq_duvessa, uniq_harold, uniq_maggie
D:8:      layout_loops_ring, nicolae_gozag_seed_capital,
          overflow_temple_1_default, serial_bayou_pond_a, feat_on_display,
          uniq_maurice
D:9:      layout_cave_pools, nicolae_overflow_hidden_temple,
          dancing_weapons_uskayaw, lair_entry_dummy, uniq_psyche
D:10:     layout_basic, david_orc_3, st_stairs_8
D:11:     layout_roguey, serial_shops, shop_statue
D:12:     layout_roguey, uniq_snorg

Skill      XL: |  1  2  3  4  5  6  7  8  9 10 |
---------------+-------------------------------+-----
Unarmed Combat | 4 5 6 8 9 |  9.4
Dodging        | 2 3 4 5 6 |  6.7
Stealth        | 1 2 3 |  3.5
Spellcasting   | 3 4 5 6 |  6.5
Transmutations | 3 4 5 6 8 |  8.0
Poison Magic   | 1 2 |  2.9
Evocations     | 1 |  1.3
Fighting       | 2 3 4 6 |  6.4

Action                   |  1- 3 |  4- 6 |  7- 9 | 10-12 || total
-------------------------+-------+-------+-------+-------++-------
Melee: Unarmed           |    97 |   117 |   376 |   154 ||   744
       Headbutt          |     9 |     4 |    21 |     2 ||    36
       Tailslap          |     9 |     7 |    28 |    13 ||    57
       Kick              |    11 |    10 |    50 |     3 ||    74
       Punch             |     1 |       |     6 |     5 ||    12
 Cast: Beastly Appendage |    25 |     7 |    18 |     4 ||    54
       Wereblood         |       |     2 |    18 |     8 ||    28
       Spider Form       |       |    10 |    21 |    10 ||    41
       Blade Hands       |       |       |       |    14 ||    14
Evoke: Wand              |       |     1 |     6 |     2 ||     9
  Use: Potion            |       |     3 |     2 |     1 ||     6
       Scroll            |       |     1 |     9 |     4 ||    14
 Stab: Sleeping          |       |       |     3 |     1 ||     4
Armor: Skin              |    24 |    19 |   110 |    23 ||   176
Dodge: Dodged            |    61 |    79 |   273 |   159 ||   572

Table legend: (Time is in decaauts)
 A = Elapsed time spent in this place.
 B = Non-inter-level travel time spent in this place.
 C = Inter-level travel time spent in this place.
 D = Time resting spent in this place.
 E = Time spent auto-exploring this place.
 F = Levels seen in this place.
 G = Mean time per level.
                   A        B        C        D        E       F      G
               +--------+--------+--------+--------+--------+-----+--------+
         Total |  15002 |  14498 |    504 |   3703 |   8838 |  12 | 1250.2 |
       Dungeon |  15002 |  14498 |    504 |   3703 |   8838 |  12 | 1250.2 |
               +--------+--------+--------+--------+--------+-----+--------+

Top non-repeatable levels by time:
     D:8: 2621 daAuts
     D:3: 2373 daAuts
     D:2: 1470 daAuts
     D:6: 1243 daAuts
    D:10: 1183 daAuts
     D:7: 1113 daAuts
     D:5: 1097 daAuts
     D:1: 1063 daAuts
    D:11: 876 daAuts
     D:9: 821 daAuts
     D:4: 816 daAuts
    D:12: 321 daAuts
